 Dungeon Sprint DCSS version 0.29.1-12-g30fa7ad0bf (webtiles) character file.

Game seed: 9659897813118816441

7069 Groucho the Unseen (level 10, -4/44 HPs)
             Began as a Spriggan Enchanter on Dec 27, 2022.
             Was a High Priest of Dithmenos.
             Slain by a death yak (15 damage)
             ... in the Dungeon (Sprint II: "The Violet Keep of Menkaure").
             The game lasted 00:05:52 (427 turns).

Groucho the Unseen (Spriggan Enchanter)              Turns: 427, Time: 00:05:52

Health: -4/44      AC:  2    Str:  8    XL:     10   Next: 83%
Magic:  7/28       EV: 17    Int: 17    God:    Dithmenos [*****.]
Gold:   519        SH:  0    Dex: 14    Spells: 14/36 levels left

rFire   . . .      SeeInvis +   a - +1 dagger
rCold   . . .      Faith    .   (no shield)
rNeg    . . .      Spirit   .   b - +0 robe
rPois   .          Reflect  .   (helmet restricted)
rElec   .          Harm     .   (no cloak)
rCorr   .          Rampage  .   (gloves unavailable)
Will    +....      NoTele   +   (boots unavailable)
Stlth   ++++++++++              (no amulet)
HPRegen 0.14/turn               f - ring of flight
MPRegen 0.21/turn               (no ring)

@: flying, wreathed by umbra, very quick
A: very small, no large weapons, unfitting armour, see invisible, speed 3,
clumsy 1
a: Renounce Religion, Shadow Step, Shadow Form


You were in the Dungeon.
You worshipped Dithmenos.
Dithmenos was extremely pleased with you.
You visited 1 branch You collected 1215 gold pieces.
You spent 696 gold pieces at shops.

Inventory:

Hand Weapons
 a - a +1 dagger (weapon)
Armour
 b - a +0 robe (worn)
Jewellery
 f - a ring of flight (left hand)
Scrolls
 i - a scroll of blinking
Potions
 g - 2 potions of magic
 h - a potion of mutation {unknown}


   Skills:
 - Level 10.0 Short Blades
 - Level 2.6 Dodging
 - Level 16.0 Stealth
 + Level 13.8 Spellcasting
 * Level 9.0 Conjurations
 - Level 14.0 Hexes
 * Level 10.7 Earth Magic


You had 14 spell levels left.
You knew the following spells:

 Your Spells              Type           Power      Damage    Failure   Level
a - Ensorcelled Hibernat  Hex/Ice        70%        N/A       1%          2
b - Confusing Touch       Hex            56%        N/A       1%          3
c - Dazzling Flash        Conj/Hex       100%       N/A       1%          3
d - Tukima's Dance        Hex            56%        N/A       1%          3
e - Stone Arrow           Conj/Erth      90%        3d12      1%          3
f - Lehudib's Crystal Sp  Conj/Erth      22%        10d6      100%        8

Your spell library contained the following spells:

 Spells                   Type           Power      Damage    Failure   Level
 Animate Armour           Summ/Erth      60%        N/A       6%          4


Dungeon Overview and Level Annotations

Branches:
Dungeon (1/1)

Altars:
Cheibriados
Dithmenos
Elyvilon
Fedhas
Gozag
Hepliaklqana
Kikubaaqudgha
Makhleb
Nemelex Xobeh
Okawaru
Qazlal
Ru
Sif Muna
Trog
Uskayaw
Vehumet
Wu Jian
Xom
Yredelemnul
Zin
The Shining One
Jiyva
Lugonu

Shops:
D :(=:!?[?=![*=([

Annotations:
D exclusions: obsidian statue and oklob plant


Innate Abilities, Weirdness & Mutations

You are very small and have problems with some larger weapons.
You are too small for most types of armour.
You have supernaturally acute eyesight. (SInv)
You cover ground extremely quickly. (Speed+++)
You are clumsy. (Dex -2)


Message History

Aim: a redback (umbra, chance to affect: 63%)
The redback resists with significant effort.
The redback bites you.
You are lethally poisoned!
The redback poisons you!
The spectral ball python fails to trigger a net trap.
The redback completely misses you.
You feel better. The redback bites you!
* * * LOW HITPOINT WARNING * * *
Casting: Ensorcelled Hibernation (safe; 1% risk of failure)
Confirm with . or Enter, or press ? or * to list all spells.
Aiming: Ensorcelled Hibernation (safe; 1% risk of failure)
Press: ? - help, Shift-Dir - straight line, f/p - redback
Aim: a redback (umbra, chance to affect: 63%)
The redback looks drowsy...
The helpless redback fails to defend itself.
You perforate the redback like a sieve!!!!
You kill the redback!
Dithmenos accepts your kill.
You can now transform into a swirling mass of shadows.
Your Conjurations skill increases to level 9!
Casting: Ensorcelled Hibernation (safe; 1% risk of failure)
Confirm with . or Enter, or press ? or * to list all spells.
Okay, then.
Casting: Ensorcelled Hibernation (safe; 1% risk of failure)
Confirm with . or Enter, or press ? or * to list all spells.
Casting: Dazzling Flash (safe; 1% risk of failure)
Press: ? - help, Dir - look around, f - activate The spectral adder fails to trigger a net trap.
The death yak misses you.
Unknown command.
Unknown command.
Unknown command.
Unknown command.
Casting: Dazzling Flash (safe; 1% risk of failure)
Confirm with . or Enter, or press ? or * to list all spells.
Casting: Dazzling Flash (safe; 1% risk of failure)
Press: ? - help, Dir - look around, f - activate The death yak gores you!
You die...

§≈≈§≈≈≈##⌠$..$#+▓ °≈§°≈ ##..).#
≈°8≈≈ ##''## # ≈≈≈ ##≈G.G###
~## ≈≈≈ #)≈.....#
~~#+++#+++#####...Z#
~~.........#††'.Z..# ~~~.##+##
#$†####Z#
~~~##.#.##.####†@YZ###
~~~#†###†# ...#..#...####
~####.#.####..#####^.##)# [!$
##.###'###.##..#..'^.#†.#▓!(|$$
#.).##.##...#..#..#..#†.#▓"$[$)
'.#.'.<.'.##'..####.^##.#▓$!"::
#...##.##...#....###...##▓▓▓▓▓▓
##.###'###†##...§§.~~~~~~~~~~~~
~#####..####~~.§..§§#'########+


You could see a death yak, a spectral ball python and a spectral adder.

Vanquished Creatures
  A deep elf master archer (D)
  An iron elemental (D)
  A shining eye (D)
  3 manticores (D)
  A merfolk siren (D)
  2 unseen horrors (D)
  A yaktaur (D)
  3 polar bears (D)
  A hornet (D)
  3 yaks (D)
  5 wyverns (D)
  2 redbacks (D)
  Menkaure (D)
  A water moccasin (D)
  4 necrophages (D)
  3 worms (D)
33 creatures vanquished.

Vanquished Creatures (others)
  A water moccasin (D)
1 creature vanquished.

Grand Total: 34 creatures vanquished

Notes
Turn   | Place    | Note
-------+----------+-------------------------------------------
     0 | D        | Groucho the Spriggan Enchanter began the quest for the Orb.
     0 | D        | Reached XP level 1. HP: 9/9 MP: 5/5
     3 | D        | Noticed a merfolk siren
     7 | D        | Noticed a necrophage
     7 | D        | Noticed a necrophage
     7 | D        | Noticed a necrophage
     7 | D        | Noticed a necrophage
    16 | D        | Killed a necrophage
    17 | D        | Reached skill level 8 in Stealth
    17 | D        | Reached skill level 5 in Hexes
    17 | D        | Reached XP level 2. HP: 13/13 MP: 5/8
    17 | D        | Reached XP level 3. HP: 16/16 MP: 6/10
    17 | D        | Killed a necrophage
    18 | D        | Reached skill level 10 in Stealth
    18 | D        | Reached skill level 5 in Spellcasting
    18 | D        | Reached XP level 4. HP: 21/21 MP: 6/12
    19 | D        | Killed a necrophage
    20 | D        | Reached skill level 5 in Short Blades
    20 | D        | Reached skill level 11 in Stealth
    20 | D        | Reached XP level 5. HP: 24/24 MP: 6/15
    21 | D        | Reached skill level 12 in Stealth
    22 | D        | Noticed Menkaure
    23 | D        | Killed Menkaure
    24 | D        | Reached skill level 13 in Stealth
    24 | D        | Reached XP level 6. HP: 28/28 MP: 6/17
    31 | D        | Noticed a wyvern
    31 | D        | Noticed a wyvern
    34 | D        | Killed a wyvern
    35 | D        | Reached skill level 14 in Stealth
    37 | D        | Killed a wyvern
    38 | D        | Reached skill level 15 in Stealth
    38 | D        | Reached XP level 7. HP: 24/32 MP: 7/20
    56 | D        | Killed a merfolk siren
    57 | D        | Reached skill level 16 in Stealth
    57 | D        | Reached skill level 10 in Hexes
    92 | D        | Noticed an obsidian statue
   107 | D        | Found Vuell's Armour Shop.
   107 | D        | Found Hoopimil's Assorted Antiques.
   107 | D        | Found Ikkeom's Antique Armour Shop.
   107 | D        | Found Yppif's Magic Scroll Boutique.
   107 | D        | Found Ixidycor's Distillery.
   107 | D        | Found Gacet's Antique Armour Boutique.
   108 | D        | Found Aneynoc's Magic Scroll Boutique.
   108 | D        | Found Union's Distillery.
   108 | D        | Found Ifaimu's Book Boutique.
   108 | D        | Found Buetwuoh's Jewellery Shop.
   109 | D        | Found Ufukk's Jewellery Shop.
   109 | D        | Found Faejidyo's Antique Weapon Boutique.
   110 | D        | Found Voygeoq's Antique Weapon Boutique.
   110 | D        | Found Wor Idgh's Jewellery Shop.
   110 | D        | Noticed a polar bear
   123 | D        | Learned a level 2 spell: Ensorcelled Hibernation
   128 | D        | Reached skill level 10 in Spellcasting
   128 | D        | Reached XP level 8. HP: 28/36 MP: 14/23
   132 | D        | Learned a level 3 spell: Confusing Touch
   136 | D        | Learned a level 3 spell: Dazzling Flash
   140 | D        | Learned a level 3 spell: Tukima's Dance
   148 | D        | Noticed a polar bear
   148 | D        | Noticed an oklob plant
   149 | D        | Found Nothoigocw's Book Shoppe.
   177 | D        | Bought a ring of flight for 192 gold pieces
   182 | D        | Bought a book of Armaments for 504 gold pieces
   220 | D        | Learned a level 3 spell: Stone Arrow
   229 | D        | Learned a level 8 spell: Lehudib's Crystal Spear
   261 | D        | Found a hazy altar of Hepliaklqana.
   261 | D        | Found a snail-covered altar of Cheibriados.
   262 | D        | Found a stormy altar of Qazlal.
   262 | D        | Found a viscous altar of Jiyva.
   262 | D        | Found a shadowy altar of Dithmenos.
   263 | D        | Found a sacrificial altar of Ru.
   263 | D        | Found an ancient bone altar of Kikubaaqudgha.
   263 | D        | Found a white marble altar of Elyvilon.
   264 | D        | Found an ornate altar of the Wu Jian Council.
   264 | D        | Found a shimmering blue altar of Sif Muna.
   264 | D        | Found a corrupted altar of Lugonu.
   265 | D        | Found a shimmering altar of Xom.
   265 | D        | Found a bloodstained altar of Trog.
   265 | D        | Found a burning altar of Makhleb.
   266 | D        | Found a glowing golden altar of the Shining One.
   266 | D        | Found a basalt altar of Yredelemnul.
   266 | D        | Found a hide-covered altar of Uskayaw.
   268 | D        | Found a glowing silver altar of Zin.
   268 | D        | Found a radiant altar of Vehumet.
   268 | D        | Found a blossoming altar of Fedhas.
   268 | D        | Found a sparkling altar of Nemelex Xobeh.
   269 | D        | Found an opulent altar of Gozag.
   269 | D        | Found an iron altar of Okawaru.
   277 | D        | Became a worshipper of Dithmenos the Shadowed
   287 | D        | Noticed an unseen horror
   290 | D        | Killed an unseen horror
   291 | D        | Noticed an unseen horror
   292 | D        | Killed an unseen horror
   306 | D        | Reached * piety under Dithmenos
   307 | D        | Reached skill level 10 in Short Blades
   310 | D        | Reached skill level 5 in Earth Magic
   310 | D        | Reached XP level 9. HP: 39/39 MP: 21/25
   318 | D        | Noticed a deep elf master archer
   323 | D        | Killed a deep elf master archer
   323 | D        | Reached ** piety under Dithmenos
   329 | D        | Noticed a manticore
   329 | D        | Noticed a manticore
   329 | D        | Noticed a manticore
   331 | D        | Killed a manticore
   332 | D        | Killed a manticore
   333 | D        | Reached XP level 10. HP: 44/44 MP: 24/27
   334 | D        | Killed a manticore
   351 | D        | Reached *** piety under Dithmenos
   355 | D        | Reached **** piety under Dithmenos
   379 | D        | Noticed a death yak
   379 | D        | Noticed a shining eye
   379 | D        | Noticed a shining eye
   379 | D        | Noticed a shining eye
   380 | D        | Noticed an iron elemental
   381 | D        | Killed a shining eye
   390 | D        | Killed an iron elemental
   391 | D        | Reached skill level 10 in Earth Magic
   396 | D        | Gained mutation: You are clumsy. (Dex -2) [a shining eye]
   407 | D        | HP: 2/44 [redback (16)]
   425 | D        | Reached ***** piety under Dithmenos
   427 | D        | Slain by a death yak

Illustrated notes

Levels and vault maps discovered:
D:        the_violet_keep_of_menkaure [sprint2_stairs_cluster_1,
          sprint2_shoproom, sprint2_temple, sprint2_basic_supplies,
          sprint2_obstacle_5, sprint2_obstacle_7, sprint2_obstacle_3,
          sprint2_obstacle_2, sprint2_obstacle_1, sprint2_timed_cluster_1,
          sprint2_smallroom_cluster_1, sprint2_smallroom_final_cluster_1,
          sprint2_transparent_cluster_1, sprint2_second_timed_cluster_1,
          sprint2_sniper_area_1, sprint2_heavy_combat_area_1,
          sprint2_mutation_trap_area_1, sprint2_forest_area_1,
          sprint2_light_combat_area_1, sprint2_behind_water_1,
          sprint2_near_end_vault_1]

Skill      XL: |  1  2  3  4  5  6  7  8  9 10 |
---------------+-------------------------------+-----
Short Blades   | 3 4 5 6 7 9 10 | 10.0
Stealth        | 8 10 11 13 15 16 | 16.0
Spellcasting   | 4 5 6 7 8 10 11 12 13 | 13.8
Hexes          | 5 6 7 9 10 11 12 14 | 14.0
Conjurations   | 4 6 9 |  9.0
Earth Magic    | 5 8 10 | 10.7
Dodging        | |  2.6

Action                   |  1- 3 |  4- 6 |  7- 9 | 10-12 || total
-------------------------+-------+-------+-------+-------++-------
Melee: Dagger            |     5 |     6 |    13 |    24 ||    48
 Cast: Ensorcelled Hiber |       |       |     5 |     5 ||    10
       Dazzling Flash    |       |       |       |     2 ||     2
       Confusing Touch   |       |       |       |     1 ||     1
Invok: Shadow Step       |       |       |       |     2 ||     2
  Use: Potion            |     3 |       |     1 |     2 ||     6
 Stab: Sleeping          |     2 |     2 |    13 |    12 ||    29
       Invisible         |     2 |     2 |       |     1 ||     5
       Distracted        |       |     1 |       |       ||     1
       Confused          |       |       |       |     1 ||     1
Armor: Robe              |       |       |     1 |     2 ||     3
Dodge: Dodged            |     4 |     2 |     6 |    28 ||    40
